 Dungeon Crawl Stone Soup version 0.16-a0-3909-g31f9ca0 (webtiles) character file.

64 Eptagon the Insei (level 4, 0/28 HPs)
             Began as an Octopode Transmuter on Feb 3, 2015.
             Slain by an orc
             ... wielding a +0 hand axe
              (5 damage)
             ... on level 3 of the Dungeon.
             The game lasted 00:05:11 (2021 turns).

Eptagon the Insei (Octopode Transmuter)             Turns: 2021, Time: 00:05:12

Health: 0/28       AC:  1    Str:  9    XL:     4   Next: 12%
Magic:  7/7        EV: 12    Int: 16    God:
Gold:   143        SH:  0    Dex: 12    Spells: 1 memorised, 6 levels left

rFire  . . .     SeeInvis .       - Unarmed
rCold  . . .     Clarity  .     (no shield)
rNeg   . . .     SustAb   .     (helmet restricted)
rPois  .         Gourm    .     (no amulet)
rElec  .         Spirit   .     (no ring)
rCorr  .         Warding  .     (no ring)
rMut   .         Stasis   .     (no ring)
MR     .....                    (no ring)
Stlth  ++........               (no ring)
                                (no ring)
                                (no ring)
                                (no ring)

@: appendage, not resistant to hostile enchantments, unstealthy
A: almost no armour, amphibious, 8 rings, constrict 8, tentacle spike 3,
camouflage 1, gelatinous body 1
a: End Transformation


You were on level 3 of the Dungeon.
You were not hungry.
One of your tentacles had a temporary spike.
You visited 1 branch of the dungeon, and saw 3 of its levels.

You collected 143 gold pieces.

Inventory:

Missiles
 b - 12 arrows
 i - 8 needles of slowing
 o - 21 poisoned needles
Magical devices
 h - a wand of hasting (3)
Scrolls
 c - 2 scrolls of teleportation {unknown}
 e - a scroll of remove curse {unknown}
 j - 2 scrolls of identify {unknown}
Potions
 k - 2 potions of poison {unknown}
Books
 d - a book of Changes

   Spells                             Type                      Level
   a - Beastly Appendage              Transmutation                1
   b - Sticks to Snakes               Transmutation                2
   c - Spider Form                    Transmutation/Poison         3
   d - Ice Form                       Ice/Transmutation            4
   e - Blade Hands                    Transmutation                5
Comestibles
 a - 3 bread rations
 f - a meat ration
 g - 2 fruits
 l - a slice of pizza
 m - a beef jerky
 n - a royal jelly


   Skills:
 - Level 1.0 Fighting
 - Level 2.0 Dodging
 + Level 4.8 Unarmed Combat
 - Level 2.0 Spellcasting
 - Level 2.0 Transmutations


You had 6 spell levels left.
You knew the following spells:

 Your Spells              Type           Power        Failure   Level  Hunger
a - Beastly Appendage     Trmt           #.....       10%         1    #......


Dungeon Overview and Level Annotations

Branches:
Dungeon (3/15)

Altars:
Trog
Xom


Innate Abilities, Weirdness & Mutations

You cannot wear most types of armour.
You are amphibious.
You can wear up to eight rings at the same time.
You can use your tentacles to constrict many enemies at once.
Your skin changes colour to match your surroundings (Stealth).
Your rubbery body absorbs attacks (AC +1).
One of your tentacles bears a large vicious spike.


Message History

You constrict the orc, but do no damage.
The orc barely misses you.
You tentacle-slap the orc but do no damage.
The orc is moderately wounded.
You constrict the orc.
You tentacle-slap the orc but do no damage.
You pierce the orc, but do no damage.
You squeeze the orc.
The orc is almost dead.
You constrict the orc, but do no damage.
The orc hits you with a hand axe.
* * * LOW HITPOINT WARNING * * *
You tentacle-slap the orc.
The orc is almost dead.
You constrict the orc, but do no damage.
The orc completely misses you.
You tentacle-slap the orc but do no damage.
The orc is almost dead.
You constrict the orc, but do no damage.
The orc hits you with a hand axe.
You die...

#....#####..#...#+# #
###................
#####.###.....<..........
.........................
#####.................†..
#########.......#........
.........................
#########.......#........
######oo@.........#######
#.....o####..###..# #
#.......# #.# .. #
#.......# ..# #
#.......### #.# #
#........... . #
#................. #
.................
......o..$...)..


You could see 3 orcs.

Vanquished Creatures
  An adder (D:2)
  A worm (D:2)
  3 giant geckos
  2 oozes (D:2)
  An orc (D:3)
  7 goblins (D:1)
  5 hobgoblins
  2 jackals (D:1)
  A quokka (D:2)
  4 bats
  A giant cockroach (D:1)
  3 giant newts
  6 kobolds
  5 rats
42 creatures vanquished.

Notes
Turn   | Place    | Note
--------------------------------------------------------------
     0 | D:1      | Eptagon, the Octopode Transmuter, began the quest for the Orb.
     0 | D:1      | Reached XP level 1. HP: 13/13 MP: 3/3
   417 | D:1      | Reached XP level 2. HP: 11/18 MP: 4/4
   844 | D:1      | Reached skill level 4 in Unarmed Combat
   900 | D:2      | Reached XP level 3. HP: 19/23 MP: 6/6
  1609 | D:2      | Found a bloodstained altar of Trog.
  1859 | D:3      | Found a shimmering altar of Xom.
  1896 | D:3      | Reached XP level 4. HP: 28/28 MP: 7/7
  2021 | D:3      | Slain by an orc

Action                   |  1- 3 |  4- 6 || total
-------------------------+-------+-------++-------
Melee: Unarmed           |    93 |    22 ||   115
 Cast: Beastly Appendage |       |     1 ||     1
 Stab: Sleeping          |     6 |       ||     6
  Eat: Chunk             |     3 |       ||     3
